 Dungeon Crawl Stone Soup version 0.19-a0-1107-gc676ff4 (webtiles) character file.

153801 Leszczynek the Bludgeoner (level 17, -1/187 HPs)
             Began as an Ogre Earth Elementalist on Aug 8, 2016.
             Was the Champion of the Shining One.
             Killed from afar by Nikola (9 damage)
             ... with a chain lightning
             ... on level 3 of the Shoals on Aug 9, 2016.
             The game lasted 02:41:45 (19845 turns).

Leszczynek the Bludgeoner (OgEE)                   Turns: 19845, Time: 02:41:46

Health: -1/187     AC: 11    Str: 19    XL:     17   Next: 61%
Magic:  6/23       EV:  9    Int: 15    God:    the Shining One [******]
Gold:   385        SH:  0    Dex: 15    Spells: 7 memorised, 12 levels left

rFire  + + .     SeeInvis .     a - +7 eveningstar (freeze)
rCold  + + +     Gourm    .     t - +2 troll leather armour
rNeg   + + +     Faith    .     h - +4 shield "Qefim" {rC+ MR+ Int+3 Dex+2}
rPois  +         Spirit   .     (helmet restricted)
rElec  +         Dismiss  .     H - +0 cloak {rC+}
rCorr  +         Reflect  +     (gloves unavailable)
SustAt .         Harm     .     (boots unavailable)
MR     +++..                    F - brooch of Shielding {Reflect SH+8}
Stlth  +.........               v - ring of protection from fire
                                f - +2 ring of evasion

@: divine shield, resistant, engulfed (cannot breathe), held, glowing
A: unfitting armour, hooves 3, icy blue scales 1, dopey 1, low mp 1, magic
resistance 1, tough skin 1, wild magic 1
a: Divine Shield, Cleansing Flame, Summon Divine Warrior, Brand Weapon With Holy
Wrath, Renounce Religion


You were on level 3 of the Shoals.
You worshipped the Shining One.
The Shining One was exalted by your worship.
You were hungry.

You visited 6 branches of the dungeon, and saw 28 of its levels.
You also visited: Bailey and Ice Cave.

You collected 3067 gold pieces.
You spent 2682 gold pieces at shops.

Inventory:

Hand Weapons
 a - a +7 eveningstar of freezing (weapon)
Missiles
 i - 63 tomahawks
 y - a throwing net
 O - 13 javelins
 Q - 21 large rocks (quivered)
Armour
 h - the +4 shield "Qefim" (worn) {rC+ MR+ Int+3 Dex+2}
   (You took it off Grum on level 8 of the Dungeon)

   It affects your intelligence (+3).
   It affects your dexterity (+2).
   It protects you from cold.
   It affects your resistance to hostile enchantments.
 t - a +2 troll leather armour (worn)
 H - a +0 cloak of cold resistance (worn)
Jewellery
 e - the ring "Lurgh" {-Tele rElec Int+5 Dex-2 Stlth+}
   (You found it on level 7 of the Dungeon)

   [ring of stealth]

   It affects your intelligence (+5).
   It affects your dexterity (-2).
   It insulates you from electricity.
   It prevents most forms of teleportation.
   It makes you more stealthy.
 f - a +2 ring of evasion (left hand)
 s - the amulet of Vitality {Regen+ HP+15}
   (You took it off a deep elf annihilator on level 3 of the Elven Halls)

   [amulet of regeneration]

   It affects your health (+15).
   It increases your rate of regeneration.
 v - a ring of protection from fire (right hand)
 A - an uncursed ring of protection from magic
 F - the brooch of Shielding (around neck) {Reflect SH+8}
   (You bought it in a shop on level 3 of the Elven Halls)

   [amulet of reflection]

   It shields you and reflects attacks.
   It affects your SH (+8).
 S - an uncursed ring of resist corrosion
Wands
 l - a wand of hasting (6/9)
 q - a wand of digging (10/24)
 E - a wand of acid (7/15)
 K - a wand of teleportation (6/9)
 M - a wand of disintegration (5/24)
 N - a wand of iceblast (9/15)
 P - a wand of teleportation (3/9)
 T - a wand of polymorph (9/24)
 V - a wand of lightning (7/15)
 Y - a wand of acid (6/15)
 Z - a wand of heal wounds (6/9)
Scrolls
 g - 14 scrolls of remove curse
 n - 2 scrolls of teleportation
 r - 4 scrolls of fog
 x - 2 scrolls of magic mapping
 B - 2 scrolls of holy word
 C - a scroll of summoning
 G - a scroll of blinking
 I - 4 scrolls of fear
 U - a scroll of recharging
 X - 6 scrolls of identify
Potions
 b - a potion of might
 c - 6 potions of curing
 o - a potion of cancellation
 w - 5 potions of heal wounds
 z - 2 potions of agility
 J - 2 potions of magic
 W - 2 potions of flight
Miscellaneous
 j - a phantom mirror
 L - a phial of floods
 R - a fan of gales
Comestibles
 d - 11 bread rations
 k - 42 fruits
 p - 6 meat rations
 u - a chunk of flesh
 D - 4 slices of pizza


   Skills:
 - Level 16.1 Fighting
 - Level 16.2 Maces & Flails
 - Level 12.0 Throwing
 + Level 5.6 Armour
 - Level 11.1 Dodging
 - Level 1.5 Stealth
 - Level 10.2 Shields
 + Level 5.5 Spellcasting
 * Level 5.2 Translocations
 - Level 0.6 Transmutations
 - Level 2.1 Earth Magic
 - Level 12.6 Invocations
 - Level 2.3 Evocations


You had 12 spell levels left.
You knew the following spells:

 Your Spells              Type           Power        Failure   Level  Hunger
a - Apportation           Tloc           ####......   3%          1    None
b - Passwall              Tmut/Erth      ##........   24%         2    #......
c - Portal Projectile     Tloc           ####..       12%         3    ###....
d - Passage of Golubria   Tloc           N/A          28%         4    ####...
e - Summon Butterflies    Summ           #.......     28%         1    None
f - Blink                 Tloc           N/A          6%          2    #......
g - Swiftness             Chrm/Air       #.......     38%         2    #......


Dungeon Overview and Level Annotations

Branches:
Dungeon (13/15)            Temple (1/1) D:7            Lair (6/6) D:8
 Shoals (3/4) Lair:2       Spider (0/4) Lair:3        Slime (0/5) Lair:6
    Orc (2/2) D:10            Elf (3/3) Orc:2
 Vaults: D:13-14

Altars:
Cheibriados
Elyvilon
Kikubaaqudgha
Makhleb
Nemelex Xobeh
Sif Muna
Uskayaw
Vehumet
Xom
Yredelemnul
Zin
The Shining One
Beogh
Jiyva

Shops:
D:6 [   D:12 **([[   Orc:1 !*   Orc:2 =*[(   Elf:1 *   Elf:3 !%*=*   Shoals:2 %

Portals:
Trove: Elf:3 (lose all piety)

Annotations:
D:3 Fenrir042's ghost, amateur DrWz
D:4 Blork the orc; Dowan
Lair:2 Shoals
Shoals:3 Ilsuiw; Nikola; Polyphemus
Elf:2 3 runed doors
Elf:3 very high HD glowing shapeshifter


Innate Abilities, Weirdness & Mutations

You are too large for most types of armour.
You have tough skin. (AC +1)
You have hooves in place of feet.
You are partially covered in icy blue scales. (AC +2)
You are dopey. (Int -2)
Your magical capacity is low. (-10% MP)
You are resistant to hostile enchantments. (MR+)
Your spells are a little harder to cast, but a little more powerful.


Message History

Okay, then.
Okay, then.
Evoke which item? (* to show all) (? for menu, Esc to quit)
Okay, then.
Evoke which item? (* to show all) (? for menu, Esc to quit)
Zapping:
Z - a wand of heal wounds (7/9)
Press: ? - help, Shift-Dir - straight line, f - you You feel much better.
This wand has 6 charges left.
* * * LOW HITPOINT WARNING * * *
Your lungs strain for air!
The harpy barely misses you. The harpy claws you.
* * * LOW HITPOINT WARNING * * *
The merfolk hits you from afar with a trident.
* * * LOW HITPOINT WARNING * * *
The water elemental hits you!
* * * LOW HITPOINT WARNING * * *
Nikola casts a spell.
You hear a mighty clap of thunder!
The lightning arc hits you! You resist.
You die...

PP≈≈≈≈≈≈≈≈.≈≈≈≈≈≈≈≈≈≈≈≈≈
m≈≈≈≈≈≈≈≈≈≈≈≈≈≈≈≈≈≈≈≈≈≈≈
≈≈m≈≈≈≈≈≈≈≈≈≈≈≈≈≈≈≈≈≈≈≈≈
≈≈Pm≈≈≈≈≈≈≈≈≈≈≈≈≈≈≈≈≈≈≈.
≈≈m≈≈≈≈≈≈≈≈≈≈≈≈≈≈≈≈≈≈≈≈.
≈≈E≈(m≈≈≈≈≈≈≈E≈(....≈...
≈§...m..≈≈≈≈≈≈m≈........
...####...≈≈≈≈A≈@###....
(### .≈≈≈≈≈A†@# .@ ##
..≈≈≈≈HE.# # ..≈≈≈≈≈≈.#
..≈≈≈≈≈≈.# ..≈≈≈≈≈≈.)
≈≈≈≈≈≈≈≈. ≈≈≈≈≈≈≈≈≈
≈≈≈≈≈≈≈≈..


You could see Nikola, a merfolk, 2 water elementals, a harpy, a friendly daeva
and a friendly angel.

Vanquished Creatures
  The ghost of B1inky the Necromancer, a veteran OpMo of Gozag (Elf:3)
  An Ice Fiend (IceCv)
  A deep elf master archer (Elf:3)
  A deep elf blademaster (Elf:3)
  Frances (D:12)
  Roxanne (Elf:3)
  Donald (Orc:2)
  5 deep elf sorcerers (Elf:3)
  2 orc warlords (Orc:2)
  2 deep elf elementalists (Elf:3)
  A very ugly thing (Shoals:1)
  2 deep elf demonologists (Elf:3)
  4 deep elf annihilators (Elf:3)
  A dire elephant (Lair:6)
  7 deep elf death magi
  A merfolk impaler (Shoals:2)
  Josephine (D:10)
  The ghost of FrancescoMac the Blocker, a journeyman MiFi of Ashenzari (Lair:1)
  3 deep elf high priests (Elf:3)
  2 hydras
  Erolcha (Orc:2)
  2 merfolk avatars
  A catoblepas (Lair:6)
  An ogre mage (Orc:1)
  7 dancing weapons
  A centaur warrior (D:11)
  3 death yaks (Lair:6)
  A deep troll shaman (Lair:6)
  Urug (D:12)
  6 orc high priests
  5 deep elf knights
  6 sea snakes
  A deep troll (Orc:1)
  4 harpies (Shoals:2)
  9 orc knights
  10 ugly things
  A hill giant (D:10)
  5 deep elf archers
  Pikel (D:6)
  A faun (Shoals:1)
  4 cyclopes
  41 deep elf magi
  4 griffons
  An oklob plant (Shoals:2)
  5 orc sorcerers
  A manticore (Shoals:2)
  2 sirens (Shoals:1)
  A black mamba (Lair:6)
  7 elephants
  An ice statue (IceCv)
  Psyche (D:8)
  Joseph (D:9)
  A torpor snail (Lair:5)
  6 spiny frogs
  3 water nymphs
  4 centaur skeletons
  4 freezing wraiths (IceCv)
  6 anaconda simulacra (IceCv)
  A rime drake (Lair:3)
  A komodo dragon (Lair:2)
  5 ice devils (IceCv)
  A golden dragon simulacrum (IceCv)
  5 merfolk
  A polar bear (Lair:6)
  13 trolls
  4 jumping spiders (Lair:3)
  A two-headed ogre (Orc:2)
  9 blink frogs
  A wind drake (Shoals:3)
  A raiju (D:12)
  4 snapping turtles
  A shadow (D:11)
  An air elemental (Elf:3)
  4 redbacks (Lair:3)
  5 wraiths (D:10)
  A water elemental (Elf:3)
  37 yaks
  A human (D:8)
  3 fire elementals
  A steam dragon (D:8)
  A basilisk (Lair:3)
  Grum (D:8)
  3 vampire mosquitoes (D:12)
  5 wargs (Orc:1)
  9 hippogriffs
  3 harpy simulacra (IceCv)
  3 iron troll simulacra (IceCv)
  A soldier ant (D:12)
  15 water moccasins
  3 hydra simulacra (IceCv)
  2 giant eyeballs (D:11)
  63 orc warriors
  5 porcupines
  6 sky beasts
  An alligator simulacrum (IceCv)
  8 ogres
  24 wolves
  A necrophage (D:10)
  A phantom (D:11)
  9 centaurs
  10 crocodiles
  A big kobold (D:5)
  5 giant frogs
  2 wyvern zombies
  5 gnoll sergeants (D:10)
  3 earth elementals
  6 scorpions
  A swamp dragon simulacrum (IceCv)
  9 killer bees (D:10)
  2 wights (D:12)
  An electric eel (Lair:3)
  2 howler monkeys (D:11)
  8 crimson imps
  2 centaur zombies
  3 draconian simulacra (IceCv)
  6 hounds
  4 giant frog zombies
  A jelly (D:8)
  42 orc priests
  38 orc wizards
  2 giant frog skeletons (D:5)
  6 iguanas
  5 worker ants
  2 troll simulacra (IceCv)
  A polar bear simulacrum (IceCv)
  22 sheep
  A centaur simulacrum (IceCv)
  A hound skeleton (D:8)
  A howler monkey zombie (D:5)
  2 worker ant zombies
  20 gnolls
  7 adders
  6 naga simulacra (IceCv)
  24 river rats
  7 shadow imps
  8 white imps (IceCv)
  6 ufetubi (IceCv)
  3 oozes
  2 worms
  4 dart slugs
  6 giant geckos
  113 orcs
  7 giant cockroaches
  26 goblins
  14 hobgoblins
  5 jackals
  11 kobolds
  6 quokkas
  4 bats (D:1)
  A giant gecko skeleton (D:5)
  A giant gecko zombie (D:6)
  A giant newt (D:4)
  6 rats
  A fungus (Elf:3)
947 creatures vanquished.

Vanquished Creatures (collateral kills)
  A deep elf demonologist (Elf:3)
  2 harpies (Shoals:3)
  A deep elf mage (Elf:3)
  An anaconda simulacrum (IceCv)
  A merfolk (Shoals:3)
  An iron troll simulacrum (IceCv)
  A harpy simulacrum (IceCv)
8 creatures vanquished.

Vanquished Creatures (others)
  A deep elf master archer (Elf:3)
  A deep elf elementalist (Elf:3)
  2 deep elf archers
  A giant frog (D:6)
  11 fungi
  18 plants
34 creatures vanquished.

Grand Total: 989 creatures vanquished

Notes
Turn   | Place    | Note
-------+----------+-------------------------------------------
     0 | D:1      | Leszczynek the Ogre Earth Elementalist began the quest for the Orb.
     0 | D:1      | Reached XP level 1. HP: 16/16 MP: 3/3
    87 | D:1      | Reached skill level 1 in Fighting
   270 | D:1      | Reached skill level 2 in Fighting
   298 | D:1      | Reached XP level 2. HP: 24/28 MP: 0/5
   306 | D:1      | Learned a level 2 spell: Passwall
   384 | D:1      | Reached skill level 3 in Fighting
   431 | D:1      | yes, A WEAPON
   431 | D:1      | A DAGGER
   431 | D:1      | FINALLY
   464 | D:1      | Reached XP level 3. HP: 34/37 MP: 4/6
   548 | D:2      | Reached skill level 1 in Maces & Flails
   597 | D:2      | Found a glowing golden altar of the Shining One.
   600 | D:2      | Became a worshipper of the Shining One
   671 | D:2      | Reached skill level 2 in Maces & Flails
   839 | D:2      | Reached XP level 4. HP: 37/45 MP: 4/7
   866 | D:2      | Reached skill level 3 in Maces & Flails
  1104 | D:3      | Noticed Fenrir042's ghost (amateur DrWz)
  1230 | D:3      | Reached skill level 4 in Maces & Flails
  1339 | D:4      | Found a deep blue altar of Sif Muna.
  1413 | D:4      | Reached XP level 5. HP: 36/53 MP: 3/8
  1446 | D:4      | Reached skill level 5 in Maces & Flails
  1556 | D:4      | Noticed Blork the orc
  1557 | D:4      | this is just not my day
  1570 | D:4      | Noticed Dowan
  1577 | D:5      | Entered Level 5 of the Dungeon
  1578 | D:5      | fuck off already
  1723 | D:5      | Found a radiant altar of Vehumet.
  1752 | D:5      | Noticed a big kobold
  1781 | D:5      | Killed a big kobold
  1781 | D:5      | Reached skill level 6 in Maces & Flails
  1781 | D:5      | Reached XP level 6. HP: 27/61 MP: 4/9
  1786 | D:5      | Noticed a sky beast
  1786 | D:5      | shit
  1916 | D:5      | i swear i'll just make myself a macro for "breadswing and eat chunks until X% HP"
  1916 | D:5      | one day
  1994 | D:5      | weak undead are always welcome
  2074 | D:5      | Reached skill level 7 in Maces & Flails
  2079 | D:5      | at least I ID'd a lot of potions!
  2079 | D:5      | jesus
  2108 | D:5      | ogres are so bad
  2247 | D:5      | Reached * piety under the Shining One
  2451 | D:5      | Reached skill level 8 in Maces & Flails
  2451 | D:5      | Reached XP level 7. HP: 49/67 MP: 10/10
  2461 | D:5      | halo op
  2599 | D:6      | Noticed Pikel
  2600 | D:6      | noooooooooope
  2758 | D:6      | just give me a killable ogre
  2769 | D:6      | or better, just give me a giant club
  2780 | D:6      | Reached skill level 9 in Maces & Flails
  2969 | D:6      | Killed Pikel
  2969 | D:6      | Reached skill level 11 in Maces & Flails
  2969 | D:6      | Reached XP level 8. HP: 57/75 MP: 9/11
  3092 | D:6      | Found Nattiad's Antique Armour Emporium.
  3123 | D:6      | itsnothing.jpg
  3227 | D:6      | Reached skill level 12 in Maces & Flails
  3392 | D:7      | plz be good
  3394 | D:7      | Got a wavering iron ring
  3395 | D:7      | Identified the ring "Lurgh" {-Tele rElec Int+5 Dex-2 Stlth+} (You found it on level 7 of the Dungeon)
  3396 | D:7      | uhhhh
  3396 | D:7      | at least it's relec
  3421 | D:7      | Reached ** piety under the Shining One
  3427 | D:7      | huh, a nice set of resistances already
  3438 | D:7      | Reached skill level 2 in Dodging
  3446 | D:7      | time to fuck myself up then
  3449 | D:7      | Gained mutation: You are partially covered in icy blue scales. (AC +2) [mutagenic meat]
  3452 | D:7      | Gained mutation: Your spells are a little harder to cast, but a little more powerful. [mutagenic meat]
  3455 | D:7      | Gained mutation: You have large cloven feet. [mutagenic meat]
  3458 | D:7      | Gained mutation: Your magical capacity is low. (-10% MP) [mutagenic meat]
  3461 | D:7      | Gained mutation: You are dopey. (Int -2) [mutagenic meat]
  3464 | D:7      | eh, not bad
  3509 | D:7      | Reached skill level 4 in Fighting
  3509 | D:7      | Reached skill level 1 in Invocations
  3562 | D:7      | Reached XP level 9. HP: 53/84 MP: 11/11
  3627 | D:7      | Found a staircase to the Ecumenical Temple.
  3636 | Temple   | Entered the Ecumenical Temple
  3654 | D:8      | Found a staircase to the Lair.
  3664 | D:8      | Reached skill level 2 in Invocations
  3687 | D:7      | Found a sparkling altar of Nemelex Xobeh.
  3717 | D:7      | Learned a level 1 spell: Summon Butterflies
  3772 | D:7      | Noticed a white ugly thing
  3777 | D:7      | fug
  3786 | D:7      | yeah, sure
  3786 | D:7      | nice rng
  3788 | D:7      | Gained mutation: You are resistant to hostile enchantments. (MR+) [potion of mutation]
  3788 | D:7      | Gained mutation: Your magical capacity is very low. (-20% MP) [potion of mutation]
  3788 | D:7      | Lost mutation: You are dopey. (Int -2) [potion of mutation]
  3788 | D:7      | HP: 7/85 [white ugly thing (4)]
  3788 | D:7      | The Shining One protects you from harm!
  3982 | D:8      | Found a glowing silver altar of Zin.
  3990 | D:8      | did i just trap myself here
  4045 | D:8      | Reached skill level 3 in Invocations
  4076 | D:8      | Noticed Psyche
  4099 | D:8      | Killed Psyche
  4099 | D:8      | Reached skill level 5 in Invocations
  4191 | D:8      | Found a burning altar of Makhleb.
  4256 | D:8      | Reached skill level 13 in Maces & Flails
  4280 | D:8      | Reached skill level 3 in Dodging
  4289 | D:8      | Reached skill level 5 in Fighting
  4369 | D:8      | You fall through a shaft!
  4369 | D:9      | Noticed a troll
  4370 | D:9      | thanks
  4389 | D:9      | Killed a troll
  4570 | D:9      | Noticed Joseph
  4582 | D:9      | Killed Joseph
  4582 | D:9      | Reached skill level 4 in Dodging
  4582 | D:9      | Reached skill level 6 in Invocations
  4582 | D:9      | Reached XP level 10. HP: 25/98 MP: 7/11
  4738 | D:9      | Found a flagged portal.
  4790 | Bailey   | Entered a bailey
  4791 | Bailey   | hm
  4798 | Bailey   | i don't recognize it
  4860 | Bailey   | oh, this
  4893 | Bailey   | probably impossible to do
  4893 | Bailey   | but it would be nice to maneuver around and get the loot
  4906 | Bailey   | Reached skill level 6 in Fighting
  5038 | Bailey   | Reached skill level 1 in Throwing
  5507 | Bailey   | Noticed an orc warlord
  5510 | Bailey   | fuck, one of the orcs took the rod
  5510 | Bailey   | fuck my life
  5563 | Bailey   | nope, too much shit around
  5586 | D:9      | Reached skill level 5 in Dodging
  5590 | D:9      | too bad
  5675 | D:9      | Reached skill level 2 in Throwing
  5889 | D:10     | Entered Level 10 of the Dungeon
  5924 | D:10     | Reached skill level 7 in Fighting
  6064 | D:10     | Reached skill level 14 in Maces & Flails
  6069 | D:10     | three trolls, no hide
  6069 | D:10     | rotten luck
  6120 | D:10     | not to mention no ogres
  6259 | D:10     | Got a crude long sword
  6260 | D:10     | Identified the +5 long sword of Gefo {holy, Int+4} (You found it on level 10 of the Dungeon)
  6346 | D:10     | Reached skill level 3 in Throwing
  6606 | D:10     | ded
  6679 | D:10     | Noticed a hill giant
  6680 | D:10     | there's my giant club
  6680 | D:10     | ugh
  6694 | D:10     | Killed a hill giant
  6694 | D:10     | Reached skill level 8 in Fighting
  6694 | D:10     | Reached skill level 7 in Invocations
  6694 | D:10     | Reached XP level 11. HP: 61/111 MP: 9/13
  6698 | D:10     | good
  6857 | D:10     | Noticed Josephine
  6937 | D:10     | Lost mutation: Your magical capacity is very low. (-20% MP) [mutagenic meat]
  6940 | D:10     | Gained mutation: You have hoof-like feet. [mutagenic meat]
  6943 | D:10     | Gained mutation: You are dopey. (Int -2) [mutagenic meat]
  6946 | D:10     | Gained mutation: You have hooves in place of feet. [mutagenic meat]
  7035 | D:10     | Reached skill level 4 in Throwing
  7044 | D:10     | Reached skill level 15 in Maces & Flails
  7064 | D:10     | Found a staircase to the Orcish Mines.
  7065 | D:10     | oh, i found orc
  7065 | D:10     | and death
  7081 | D:11     | Noticed a brown ugly thing
  7082 | D:11     | :/
  7090 | D:12     | HP: 2/111 [orc warrior/battleaxe (11)]
  7107 | D:12     | well, now i'm a bit too deep
  7107 | D:12     | should've gone to lair when i got the gc
  7342 | D:12     | Noticed Urug
  7342 | D:12     | >eveningstar of freezing
  7342 | D:12     | lel
  7355 | D:12     | Killed Urug
  7356 | D:12     | >>>>
  7356 | D:12     | plz live
  7374 | D:12     | >>>>>>>>>>>>>>>
  7392 | D:12     | Noticed a six-headed hydra
  7392 | D:12     | Reached *** piety under the Shining One
  7392 | D:12     | come on...
  7513 | D:13     | Reached skill level 8 in Invocations
  7557 | D:12     | Found Ajerist's Antique Weapon Shop.
  7559 | D:12     | Noticed a cyclops
  7578 | D:12     | Killed a cyclops
  7594 | D:12     | Found Poug's Antique Armour Shop.
  7594 | D:12     | Found Alainer's Assorted Antiques.
  7595 | D:12     | Found Boxkasm's Antique Armour Shop.
  7598 | D:12     | >runed triple crossbow
  7598 | D:12     | >runed executioner's axe
  7598 | D:12     | this game is weird
  7606 | D:12     | Bought a shield for 171 gold pieces
  7606 | D:12     | shield!
  7632 | D:12     | Bought a yellow potion for 30 gold pieces
  7632 | D:12     | Bought a dark potion for 30 gold pieces
  7632 | D:12     | Bought a glowing bone wand for 136 gold pieces
  7632 | D:12     | Bought a scroll of teleportation for 102 gold pieces
  7643 | D:12     | Found Biatythra's General Store.
  7646 | D:12     | Bought a scroll of fear for 49 gold pieces
  7646 | D:12     | Bought a potion of curing for 42 gold pieces
  7684 | D:12     | Noticed Frances
  7685 | D:12     | oh god
  7685 | D:12     | Noticed a cyclops
  7686 | D:12     | plz
  7688 | D:11     | plz
  7692 | D:11     | PLZ
  7695 | D:11     | HP: 9/113 [killer bee (4)]
  7700 | D:11     | HP: 7/113 [poisoned by a killer bee]
  7703 | D:11     | Noticed a brown ugly thing
  7704 | D:12     | >>>>>>
  7721 | D:12     | i can't go back
  7721 | D:12     | send help
  7721 | D:12     | all down staircases are next to tons of enemies
  7792 | D:12     | Noticed Sonja
  7792 | D:12     | rly
  7793 | D:12     | Noticed Sonja
  7793 | D:12     | Sonja changed into Sonja the raiju
  7805 | D:12     | Killed Sonja the raiju
  7805 | D:12     | Reached skill level 1 in Shields
  7820 | D:12     | this is not good for my heart
  8138 | D:10     | Reached skill level 2 in Shields
  8222 | D:10     | plz
  8239 | D:9      | Reached skill level 3 in Shields
  8249 | D:9      | jesus
  8523 | D:10     | Reached skill level 4 in Shields
  8536 | D:10     | easy!
  8632 | Orc:1    | Entered Level 1 of the Orcish Mines
  8632 | Orc:1    | Noticed an orc knight
  8633 | Orc:1    | uh huh
  8633 | Orc:1    | so that's the end of the trip then
  8662 | D:10     | well fuck it
  8739 | D:9      | it's better to take 10k turns earlier and not die
  8739 | D:9      | i think
  8739 | D:9      | the time limit is not that bad
  8806 | D:8      | Found a shimmering altar of Xom.
  8971 | D:7      | Killed a white ugly thing
  8971 | D:7      | Reached skill level 5 in Shields
  9013 | D:8      | Noticed Grum
  9024 | D:8      | Killed Grum
  9026 | D:8      | Got a scorched shield
  9039 | D:8      | Identified the +4 shield "Qefim" {rC+ MR+ Int+3 Dex+2} (You took it off Grum on level 8 of the Dungeon)
  9039 | D:8      | :O
  9045 | Lair:1   | Entered Level 1 of the Lair of Beasts
  9115 | Lair:1   | Learned a level 1 spell: Apportation
  9118 | Lair:1   | Learned a level 2 spell: Blink
  9122 | Lair:1   | Learned a level 3 spell: Portal Projectile
  9127 | Lair:1   | Learned a level 4 spell: Passage of Golubria
  9214 | Lair:1   | Reached XP level 12. HP: 107/122 MP: 16/16
  9253 | Lair:1   | Noticed a six-headed hydra
  9268 | Lair:1   | Killed a six-headed hydra
  9268 | Lair:1   | Reached skill level 9 in Fighting
  9268 | Lair:1   | Reached skill level 6 in Shields
  9288 | Lair:1   | Reached skill level 5 in Throwing
  9414 | Lair:1   | Noticed FrancescoMac's ghost (journeyman MiFi)
  9448 | Lair:1   | Killed FrancescoMac's ghost
  9450 | Lair:1   | cool
  9704 | Lair:2   | Reached skill level 7 in Shields
 10251 | Lair:3   | Found a hole to the Spider Nest.
 10275 | Lair:3   | Reached skill level 6 in Throwing
 10285 | Lair:3   | Reached skill level 10 in Fighting
 10287 | Lair:3   | spider/shoals, standard
 10370 | Lair:3   | Reached skill level 8 in Shields
 10581 | Lair:4   | actually
 10581 | Lair:4   | my resistances are already good for extended except for rpois
 10890 | Lair:4   | Reached XP level 13. HP: 125/135 MP: 17/17
 10895 | Lair:4   | Reached skill level 7 in Throwing
 10895 | Lair:4   | Reached skill level 9 in Shields
 11188 | Lair:5   | Reached skill level 16 in Maces & Flails
 11282 | Lair:5   | Identified a scroll of acquirement
 11396 | Lair:6   | Entered Level 6 of the Lair of Beasts
 11515 | Lair:6   | Reached skill level 10 in Shields
 11611 | Lair:6   | Reached skill level 8 in Throwing
 11615 | Lair:6   | oops, overtrained shields a bit
 11730 | Lair:6   | Found a staircase to the Slime Pits.
 11731 | Lair:6   | Found a viscous altar of Jiyva.
 11870 | Lair:6   | Reached skill level 11 in Fighting
 11893 | Lair:6   | Reached **** piety under the Shining One
 11957 | Lair:6   | Reached skill level 6 in Dodging
 12149 | Lair:6   | Noticed a dire elephant
 12171 | Lair:6   | Killed a dire elephant
 12171 | Lair:6   | Reached skill level 9 in Throwing
 12211 | Lair:6   | Got a twisted robe
 12222 | Lair:6   | Identified the +4 robe "Xyaq" {Int+4 Dex+5} (You found it on level 6 of the Lair of Beasts)
 12243 | Lair:6   | okay, TLA
 12246 | Lair:6   | Got a scintillating pewter ring
 12248 | Lair:6   | Identified the ring of the King {Int+4 Stlth+} (You found it on level 6 of the Lair of Beasts)
 12249 | Lair:6   | meh
 12271 | Lair:6   | if i had rpois...
 12303 | Lair:6   | i can still try going to shoals
 12303 | Lair:6   | but that might be a suicie
 12326 | Lair:6   | hm, there's an rpois amulet to buy
 12326 | Lair:6   | ah, but it's harm
 12344 | Lair:6   | so i can't
 12580 | Orc:1    | Reached XP level 14. HP: 64/148 MP: 18/18
 12735 | Orc:1    | Found a roughly hewn altar of Beogh.
 12748 | Orc:1    | Reached skill level 12 in Fighting
 12870 | D:10     | sure, summon million things at once
 13124 | Orc:1    | Reached skill level 7 in Dodging
 13186 | Orc:1    | Found Tufibire's General Store.
 13186 | Orc:1    | Found Gusuh's Distillery.
 13526 | Orc:2    | Entered Level 2 of the Orcish Mines
 13543 | Orc:1    | Reached skill level 10 in Throwing
 13616 | Orc:2    | Found a staircase to the Elven Halls.
 13686 | Orc:2    | Noticed Donald
 13861 | Orc:2    | Reached skill level 13 in Fighting
 13921 | Orc:2    | Killed Donald
 13921 | Orc:2    | Reached skill level 8 in Dodging
 14228 | Orc:2    | Noticed Erolcha
 14254 | Orc:2    | Killed Erolcha
 14322 | Orc:2    | Noticed an orc warlord
 14348 | Orc:2    | Killed an orc warlord
 14375 | Orc:2    | Reached ***** piety under the Shining One
 14502 | Orc:2    | Reached skill level 9 in Invocations
 14543 | Orc:2    | Noticed an orc warlord
 14544 | Orc:2    | sure, a warlord pack spawned
 14544 | Orc:2    | cool
 14544 | Orc:2    | spawn me some stone giants too while at it, ok?
 14575 | Orc:2    | Killed an orc warlord
 14696 | Orc:2    | Reached skill level 10 in Invocations
 14755 | Orc:2    | Reached XP level 15. HP: 137/162 MP: 20/20
 14892 | Orc:2    | Found Miosomo's Antique Armour Shop.
 14896 | Orc:2    | Found Gyobu's General Store.
 14896 | Orc:2    | Found Firr's Jewellery Boutique.
 14897 | Orc:2    | Found Yxkoqoyb's Antique Weapon Shop.
 14913 | Orc:2    | Bought a scroll of enchant armour for 135 gold pieces
 14929 | Orc:2    | Bought a glowing large shield for 175 gold pieces
 15013 | Orc:2    | surely i'm good enough for elf now
 15013 | Orc:2    | lol
 15026 | Orc:2    | what can go wrong
 15027 | Elf:1    | Entered Level 1 of the Elven Halls
 15111 | Elf:1    | Upgraded the game from 0.19-a0-1097-g38e3b35 to 0.19-a0-1107-gc676ff4
 15190 | Elf:1    | Found a deep blue altar of Sif Muna.
 15240 | Elf:2    | Reached skill level 11 in Invocations
 15273 | Elf:2    | Found a runed gate.
 15273 | Elf:2    | Found a runed gate.
 15273 | Elf:2    | Found a runed gate.
 15351 | Elf:2    | Reached skill level 14 in Fighting
 15410 | Elf:2    | Reached skill level 11 in Throwing
 15516 | Elf:3    | Entered Level 3 of the Elven Halls
 15721 | Elf:3    | Found a portal to a secret trove of treasure.
 15739 | Elf:3    | trove: full piety loss
 15746 | Elf:3    | Found Reogra's Distillery.
 15800 | Elf:3    | Found Iqulydal's General Store.
 15809 | Elf:3    | Bought a scroll of magic mapping for 42 gold pieces
 15835 | Elf:3    | Found Uraj's Jewellery Shop.
 15843 | Elf:3    | Bought the brooch of Shielding {Reflect SH+8} for 544 gold pieces
 15844 | Elf:3    | now we're talking
 15844 | Elf:3    | i'm ready for the annihilators now
 15844 | Elf:3    | (i hope)
 16089 | Elf:1    | Reached skill level 12 in Invocations
 16246 | Elf:1    | Found Neniek's General Store.
 16455 | Elf:3    | Found Enerrics's Food Shoppe.
 16495 | Elf:3    | Found Abuakea's Assorted Antiques.
 16503 | Elf:3    | Bought a viscous silvery potion for 31 gold pieces
 16590 | Elf:3    | Bought a potion of might for 68 gold pieces
 16590 | Elf:3    | Bought a potion of heal wounds for 85 gold pieces
 16590 | Elf:3    | Bought a potion of curing for 51 gold pieces
 16590 | Elf:3    | Bought a potion of curing for 51 gold pieces
 16590 | Elf:3    | Bought a potion of heal wounds for 85 gold pieces
 16590 | Elf:3    | Bought a potion of heal wounds for 85 gold pieces
 16590 | Elf:3    | Bought a potion of resistance for 170 gold pieces
 16670 | Elf:3    | Noticed Roxanne
 16687 | Elf:3    | Killed Roxanne
 16740 | Elf:3    | Noticed a deep elf sorcerer
 16763 | Elf:3    | Killed a deep elf sorcerer
 16802 | Elf:3    | Noticed a deep elf elementalist
 16804 | Elf:3    | Noticed B1inky's ghost (veteran OpMo)
 16817 | Elf:3    | Noticed a deep elf sorcerer
 16820 | Elf:3    | Killed a deep elf elementalist
 16820 | Elf:3    | Reached skill level 15 in Fighting
 16843 | Elf:3    | Killed a deep elf sorcerer
 16843 | Elf:3    | Reached XP level 16. HP: 157/176 MP: 22/22
 16852 | Elf:3    | Reached skill level 9 in Dodging
 16893 | Elf:3    | Killed B1inky's ghost
 16893 | Elf:3    | Reached skill level 12 in Throwing
 16906 | Elf:3    | Noticed a deep elf master archer
 16907 | Elf:3    | Killed a deep elf master archer
 16907 | Elf:3    | Reached skill level 1 in Armour
 16908 | Elf:3    | Noticed a deep elf blademaster
 16921 | Elf:3    | Killed a deep elf blademaster
 16937 | Elf:3    | Noticed a deep elf master archer
 16967 | Elf:3    | Killed a deep elf master archer
 16974 | Elf:3    | Reached skill level 10 in Dodging
 16986 | Elf:3    | Reached skill level 2 in Armour
 16992 | Elf:3    | shieeeeet
 17108 | Elf:3    | yess, all wands
 17196 | Elf:3    | Reached skill level 3 in Armour
 17237 | Elf:3    | Learned a level 2 spell: Swiftness
 17322 | Elf:3    | Noticed a titan
 17322 | Elf:3    | Noticed a juggernaut
 17322 | Elf:3    | a titan changed into a juggernaut
 17323 | Elf:3    | >>>>>>
 17323 | Elf:3    | glowing shapeshifters
 17323 | Elf:3    | not even once
 17327 | Elf:3    | Noticed a shard shrike
 17327 | Elf:3    | a juggernaut changed into a shard shrike
 17328 | Elf:3    | jesus what
 17423 | Elf:1    | Bought a potion of heal wounds for 85 gold pieces
 17423 | Elf:1    | Bought a scroll of identify for 34 gold pieces
 17423 | Elf:1    | Bought a scroll of fog for 34 gold pieces
 17423 | Elf:1    | Bought a scroll of identify for 34 gold pieces
 17423 | Elf:1    | Bought a scroll of recharging for 161 gold pieces
 17543 | Elf:1    | Reached skill level 1 in Evocations
 17548 | Elf:1    | Reached skill level 16 in Fighting
 17643 | Elf:1    | Reached skill level 11 in Dodging
 17718 | Orc:1    | Bought a potion of curing for 42 gold pieces
 17718 | Orc:1    | Bought a potion of agility for 56 gold pieces
 18098 | D:12     | Killed Frances
 18098 | D:12     | Reached skill level 4 in Armour
 18098 | D:12     | Reached skill level 1 in Translocations
 18098 | D:12     | Reached skill level 2 in Evocations
 18121 | D:12     | Bought a scroll of enchant weapon for 105 gold pieces
 18121 | D:12     | Bought 5 large rocks for 49 gold pieces
 18190 | D:10     | Killed Josephine
 18195 | D:10     | Reached XP level 17. HP: 187/187 MP: 23/23
 18308 | Lair:2   | Found a staircase to the Shoals.
 18313 | Shoals:1 | Entered Level 1 of the Shoals
 18337 | Shoals:1 | Reached skill level 2 in Translocations
 18454 | Shoals:1 | Reached skill level 3 in Spellcasting
 18467 | Shoals:1 | Reached skill level 3 in Translocations
 18510 | Shoals:1 | Found a frozen archway.
 18525 | IceCv    | Entered an ice cave
 18607 | IceCv    | Reached ****** piety under the Shining One
 18896 | IceCv    | Reached skill level 4 in Spellcasting
 19031 | IceCv    | Noticed an Ice Fiend
 19033 | IceCv    | shieet
 19063 | IceCv    | Killed an Ice Fiend
 19063 | IceCv    | Reached skill level 5 in Armour
 19063 | IceCv    | Reached skill level 4 in Translocations
 19389 | Shoals:2 | Reached skill level 5 in Spellcasting
 19518 | Shoals:2 | Found Huon's Food Emporium.
 19639 | Shoals:2 | Reached skill level 5 in Translocations
 19640 | Shoals:2 | Found an ancient bone altar of Kikubaaqudgha.
 19821 | Shoals:3 | Noticed Ilsuiw
 19828 | Shoals:3 | Noticed Polyphemus
 19834 | Shoals:3 | Noticed Nikola
 19844 | Shoals:3 | HP: 14/187 [Nikola/rapier of electrocution (7)]
 19845 | Shoals:3 | Killed from afar by Nikola

Vault maps used:
D:1:      dpeg_arrival_stone_temple_mockup, corner_web_ring
D:2:      tso_oasis_becter, minmay_misc_feat_four_crosses, cheibrodos_gnoll_hut
D:3:      amethyst_killhole, kennysheep_pointless_box, st_stairs_10,
          uniq_sigmund
D:4:      nicolae_overflow_hidden_temple, first_bread, minmay_snake_closets,
          uniq_crazy_yiuf_cottage, uniq_blork_the_orc, uniq_duvessa
D:5:      nicolae_overflow_crystal_walls, lexackson_kobold_supper
D:6:      kennysheep_windowed_goal, uniq_pikel, uniq_menkaure
D:7:      nemelex_xobeh_ov_fountains_minmay
D:8:      zin_statuary, overflow_temple_1_default, lair_0_dummy,
          grunt_livestock, david_defended_altar_orc, uniq_psyche, uniq_grum
D:9:      enter_bailey_7, uniq_joseph
D:10:     kennysheep_orc_monster_closet_entryway, uniq_josephine
D:11:     onia_ninara_cookie
D:12:     serial_shops, kennysheep_mini, minmay_shop_grid_forest,
          kennysheep_minor_cross, uniq_sonja, uniq_frances, uniq_urug
D:13:     lab_entry_generic, grunt_decor_arrowhead, uniq_kirke
Temple:   eino_temple_rhombus
Lair:1:   grunt_megastairs_1, lemuel_fruit_tree, infiniplex_staircase_pool,
          lemuel_fruit_fields
Lair:2:   elwin_shoals_entry_rooms, serial_bayou_shore_a, lemuel_fruit_fields,
          bh_autumn_forest_stairs
Lair:3:   nicolae_spider_entry_tight_spaces, nicolae_quartered_pool_medium,
          small_statue_intersection
Lair:4:   small_statue_intersection
Lair:6:   grunt_lair_end_beastmaster, slime_altar_1
Shoals:1: portal_ice_cave_entry_ugly_swarm
Shoals:2: serial_shops, shop, lemuel_oklob_altar
Shoals:3: uniq_ilsuiw, uniq_nikola, uniq_polyphemus
Orc:1:    basic_altar, guppyfry_orc_lava_fort
Orc:2:    st_orc_congregation, uniq_erolcha, uniq_donald
Elf:1:    elf_arrival_001, serial_shops, nicolae_shop_crystal,
          minmay_elf_crystal_heptagon, roderic_roman_lattice,
          lemuel_blue_sif_altar, grunt_megastairs_2
Elf:2:    grunt_ministairs_15
Elf:3:    minmay_elf_hall_dome, nicolae_trove_entry_free_sample, serial_shops,
          shop, shop, shop, nicolae_shop_statue_plus, nicolae_shop_crystal,
          small_statue_intersection, uniq_roxanne
Bailey:   bailey_axe_minmay_hex_keep, bailey
IceCv:    ice_cave_caverns_01

Skill      XL: |  1  2  3  4  5  6  7  8  9 10 11 12 13 14 15 16 17 |
---------------+----------------------------------------------------+-----
Fighting       | 2 3 4 5 8 10 11 13 15 16 | 16.1
Maces & Flails | 2 4 6 8 11 12 13 14 15 16 | 16.2
Dodging        | 2 4 5 6 8 11 | 11.1
Invocations    | 1 6 7 8 10 12 | 12.6
Throwing       | 3 4 6 9 10 11 12 | 12.0
Shields        | 5 8 10 | 10.2
Armour         | 4 5 |  5.6
Evocations     | 2 |  2.3
Translocations | 1 5 |  5.2
Spellcasting   | 5 |  5.5
Stealth        | |  1.5
Transmutations | |  0.6
Earth Magic    | |  2.1

Action                   |  1- 3 |  4- 6 |  7- 9 | 10-12 | 13-15 | 16-18 || total
-------------------------+-------+-------+-------+-------+-------+-------++-------
Melee: Unarmed           |     3 |       |       |       |       |       ||     3
       Dagger            |    28 |       |       |       |       |       ||    28
       Whip              |    34 |    49 |       |       |       |       ||    83
       Mace              |       |    96 |     7 |       |       |       ||   103
       Flail             |       |       |   266 |   333 |       |       ||   599
       Kick              |       |       |    39 |   209 |   364 |   191 ||   803
       Eveningstar       |       |       |       |   401 |  1260 |   612 ||  2273
       Giant club        |       |       |       |    96 |       |       ||    96
 Fire: Hunting sling     |       |       |       |    23 |       |       ||    23
Throw: Throwing net      |       |       |     1 |       |       |       ||     1
       Tomahawk          |       |       |     3 |     2 |    20 |    51 ||    76
       Javelin           |       |       |       |       |    19 |       ||    19
       Large rock        |       |       |       |       |     3 |    16 ||    19
 Cast: Sandblast         |    44 |    31 |     8 |       |       |       ||    83
       Apportation       |       |       |       |       |       |     1 ||     1
Invok: Divine Shield     |       |       |     5 |    27 |    23 |     7 ||    62
       Cleansing Flame   |       |       |       |       |       |     3 ||     3
       Summon Divine War |       |       |       |       |       |     4 ||     4
Evoke: Wand              |       |       |       |    13 |     6 |     1 ||    20
  Use: Scroll            |       |     6 |     4 |    17 |    16 |    12 ||    55
       Potion            |       |     5 |     4 |     7 |     1 |     3 ||    20
  Eat: Chunk             |     1 |     5 |    13 |    30 |    23 |     3 ||    75
       Fruit             |       |     2 |       |       |       |       ||     2
       Beef jerky        |       |       |     1 |     3 |       |     3 ||     7
       Pizza             |       |       |       |       |     1 |     3 ||     4
Armor: Robe              |    26 |    21 |    52 |   109 |    21 |       ||   229
       Troll leather arm |       |       |       |       |    72 |    49 ||   121
Dodge: Dodged            |    64 |    79 |   108 |   319 |   255 |   148 ||   973
Block: Other             |       |       |    18 |    74 |       |       ||    92
       Shield            |       |       |       |   235 |   806 |   526 ||  1567
       Reflection        |       |       |       |       |    10 |    39 ||    49
